 Dungeon Crawl Stone Soup version 0.24-a0-412-ge138f7edaf (webtiles) character file.

Game seed: 17666646297217065857

35 Amnesiac the Insei (level 3, -2/23 HPs)
             Began as an Octopode Transmuter on June 7, 2019.
             Slain by a quokka (5 damage)
             ... on level 3 of the Dungeon.
             The game lasted 00:01:43 (540 turns).

Amnesiac the Insei (Octopode Transmuter)             Turns: 540, Time: 00:01:43

Health: -2/23      AC:  1    Str:  9    XL:     3   Next: 33%
Magic:  4/6        EV: 13    Int: 15    God:
Gold:   87         SH:  0    Dex: 13    Spells: 3/6 levels left

rFire    . . .     SeeInvis .     - Unarmed
rCold    . . .     Gourm    .   (no shield)
rNeg     . . .     Faith    .   (helmet restricted)
rPois    .         Spirit   .   (no amulet)
rElec    .         Reflect  .   (no ring)
rCorr    .         Harm     .   (no ring)
MR       .....                  (no ring)
Stlth    ++........             (no ring)
HPRegen  0.07/turn              (no ring)
MPRegen  0.10/turn              (no ring)
                                (no ring)
                                (no ring)

@: no status effects
A: almost no armour, stealthy swim, amphibious, 8 rings, constrict 8, camouflage
1, gelatinous body 1
a: no special abilities


You were on level 3 of the Dungeon.
You were not hungry.

You visited 1 branch of the dungeon, and saw 3 of its levels.

You collected 87 gold pieces.

Inventory:

Missiles
 a - 9 arrows
Wands
 h - a wand of clouds (5)
Scrolls
 b - a scroll of identify {!r, unknown}
 d - a scroll of remove curse {!r, unknown}
Potions
 e - 2 potions of degeneration {!q, unknown}
 g - 3 potions of curing {!q, unknown}
 i - a potion of mutation {!q, unknown}
Comestibles
 c - 3 rations
 f - 11 chunks of flesh


   Skills:
 - Level 1.0 Fighting
 - Level 2.0 Dodging
 + Level 3.4 Unarmed Combat
 - Level 2.0 Spellcasting
 - Level 3.2 Transmutations


You had 3 spell levels left.
You knew the following spells:

 Your Spells              Type           Power        Failure   Level  Hunger
a - Beastly Appendage     Tmut           ##....       6%          1    #......
b - Sticks to Snakes      Tmut           ##......     9%          2    ###....

Your spell library contained the following spells:

 Spells                   Type           Power        Failure   Level  Hunger
 Spider Form              Tmut/Pois      #.........   34%         3    ###....
 Ice Form                 Ice/Tmut       #.......     75%         4    #####..
 Blade Hands              Tmut           ##........   86%         5    ######.


Dungeon Overview and Level Annotations

Branches:
Dungeon (3/15)

Altars:


Innate Abilities, Weirdness & Mutations

You cannot wear most types of armour.
You are very stealthy in the water. (Stealth+)
You are amphibious.
You can wear up to eight rings at the same time.
You can use your tentacles to constrict eight enemies at once.
Your skin changes colour to match your surroundings (Stealth+).
Your rubbery body absorbs attacks. (AC +1, EV +1)


Message History

Attack!
Your ball python grabs the hobgoblin.
Your ball python constricts the hobgoblin.
The hobgoblin hits your ball python.
Your ball python constricts the hobgoblin.
The hobgoblin closely misses your ball python.
Your ball python constricts the hobgoblin.
The hobgoblin hits your ball python.
Your ball python dies!
Casting: Sticks to Snakes (safe; 9% risk of failure)
Confirm with . or Enter, or press ? or * to list all spells.
You create a snake!
You now have 10 arrows.
What are your orders? t - Shout!
Orders for allies: a - Attack new target. p - Attack previous target. r - Retreat! s - Stop attacking. g - Guard the area. f - Follow me.
Anything else - Cancel.
Gang up on whom?
Press: ? - help, Dir - move target cursor, f/p - hobgoblin
Aim: a hobgoblin (heavily wounded) Attack!
The hobgoblin hits you.
* * * LOW HITPOINT WARNING * * *
The hobgoblin barely misses your ball python.
The hobgoblin barely misses your ball python.
Your ball python grabs the hobgoblin.
Your ball python constricts the hobgoblin.
The hobgoblin closely misses your ball python.
Your ball python constricts the hobgoblin.
The hobgoblin closely misses your ball python.
The hobgoblin dies!
You see here a hobgoblin corpse.
What are your orders? t - Shout!
Orders for allies: a - Attack new target. r - Retreat! s - Stop attacking. g - Guard the area. f - Follow me.
Anything else - Cancel.
Gang up on whom?
Press: ? - help, Dir - move target cursor, f - quokka
Aim: a quokka (resting) Attack!
You butcher the hobgoblin corpse.
Things that are here:
3 chunks of flesh; a hobgoblin skeleton
f - 12 chunks of flesh (gained 3) Some of the chunks of flesh in your inventory have rotted away.
A bat comes into view.
Your ball python grabs the quokka.
Your ball python constricts the quokka.
The quokka bites your ball python.
Your ball python dies!
Casting: Sticks to Snakes (safe; 9% risk of failure)
Confirm with . or Enter, or press ? or * to list all spells.
You create a snake!
You now have 9 arrows.
Your ball python grabs the quokka.
Your ball python constricts the quokka.
The quokka struggles to escape constriction.
Your ball python constricts the quokka.
The quokka bites your ball python.
Your ball python dies!
You closely miss the quokka.
The quokka is severely wounded.
The quokka bites you.
You die...

###...... #........
###### #........ #....#
#.####... ######+###....#
#.# ... ..............#
#.# .[.
..............###÷# #...
...............'..####...
b......r@..÷...##........
...............##........
########.......##........
##.#######........ #.#
#........<.. ...
#......#.... ....#
#......#.... ......
####+###.... #....


You could see a quokka.

Vanquished Creatures
  An adder (D:2)
  An ooze (D:2)
  A dart slug (D:3)
  2 bats
  A giant cockroach (D:3)
  A goblin (D:2)
  3 hobgoblins
  A ball python (D:1)
  4 frilled lizards
  2 kobolds
  3 rats
20 creatures vanquished.

Vanquished Creatures (collateral kills)
  A hobgoblin (D:3)
1 creature vanquished.

Grand Total: 21 creatures vanquished

Notes
Turn   | Place    | Note
-------+----------+-------------------------------------------
     0 | D:1      | Amnesiac the Octopode Transmuter began the quest for the
                  | Orb.
     0 | D:1      | Reached XP level 1. HP: 13/13 MP: 3/3
   287 | D:2      | Reached XP level 2. HP: 14/18 MP: 5/5
   291 | D:2      | Learned a level 2 spell: Sticks to Snakes
   389 | D:2      | Reached XP level 3. HP: 8/23 MP: 6/6
   540 | D:3      | Slain by a quokka

Levels and vault maps discovered:
D:1:      eino_arrival_water_star, layout_loops_cross, minivault_27
D:2:      layout_basic, first_ration
D:3:      layout_basic, lemuel_round_altar, portal_sewer_entry_d

Skill      XL: |  1  2 |
---------------+-------+-----
Transmutations | 3 |  3.2
Fighting       | |  1.0
Dodging        | |  2.0
Unarmed Combat | |  3.4
Spellcasting   | |  2.0

Action                   || total
-------------------------++-------
Melee: Unarmed           ||    53
       Constrict         ||    18
       Tentacles         ||     9
       Punch             ||     1
 Cast: Sticks to Snakes  ||     3
 Stab: Sleeping          ||     3
Armor: Skin              ||     7
Dodge: Dodged            ||    36

Table legend:
 A = Non-vault XP
 B = Vault XP
 C = Vault XP percentage of total XP
 D = Non-vault monster count
 E = Vault monster count
 F = Vault count percentage of total count
                 A         B        C        D         E       F
            +---------+---------+-------+---------+---------+-------
      Total |      50 |       0 |   0.0 |      21 |       0 |   0.0
            +---------+---------+-------+---------+---------+-------
        D:1 |       9 |       0 |   0.0 |       7 |       0 |   0.0
        D:2 |      27 |       0 |   0.0 |       6 |       0 |   0.0
        D:3 |      14 |       0 |   0.0 |       8 |       0 |   0.0
            +---------+---------+-------+---------+---------+-------
